 Dungeon Crawl Stone Soup version 0.26-a0-20-g5f92b90 (webtiles) character file.

Game seed: 9563039830082205528, levelgen mode: deterministic

414 MrTaco21 the Cudgeler (level 6, -6/37 HPs)
             Began as a Gargoyle Fighter on May 25, 2020.
             Mangled by an ogre
             ... wielding a +0 giant spiked club
              (17 damage)
             ... on level 4 of the Dungeon.
             The game lasted 00:05:08 (2984 turns).

MrTaco21 the Cudgeler (Gargoyle Fighter)            Turns: 2984, Time: 00:05:09

Health: -6/37      AC: 18    Str: 21    XL:     6   Next: 91%
Magic:  6/6        EV:  7    Int:  9    God:
Gold:   184        SH:  9    Dex:  9    Spells: 5/5 levels left

rFire    . . .     SeeInvis .   x - +0 mace (protect)
rCold    . . .     Gourm    .   c - +0 kite shield
rNeg     + . .     Faith    .   b - +0 scale mail
rPois    ∞         Spirit   .   (no helmet)
rElec    +         Reflect  .   (no cloak)
rCorr    .         Harm     .   (no gloves)
MR       +....     Rnd*Tele +   (no boots)
Stlth    ..........             n - amulet of regeneration
HPRegen  0.52/turn              l - ring of protection from magic
MPRegen  0.10/turn              k - ring of teleportation (curse)

@: protection aura
A: negative energy resistance 1, electricity resistance, unbreathing,
petrification resistance, rot immunity, AC +4
a: no special abilities


You were on level 4 of the Dungeon.
You were not hungry.

You visited 1 branch of the dungeon, and saw 4 of its levels.

You collected 184 gold pieces.

Inventory:

Hand Weapons
 x - a +0 mace of protection (weapon)
   (You took it off an orc priest on level 4 of the Dungeon)
Armour
 b - a +0 scale mail (worn)
 c - a +0 kite shield (worn)
Jewellery
 k - a cursed ring of teleportation (right hand)
   (You found it on level 1 of the Dungeon)
 l - a ring of protection from magic (left hand)
   (You found it on level 1 of the Dungeon)
 n - an amulet of regeneration (around neck)
   (You found it on level 1 of the Dungeon)
Scrolls
 f - a scroll of blinking {unknown}
 h - 2 scrolls of amnesia {unknown}
 m - 7 scrolls of identify {unknown}
 o - a scroll of immolation {unknown}
 p - a scroll of magic mapping {unknown}
 q - 3 scrolls of remove curse {unknown}
 t - 2 scrolls of enchant weapon {unknown}
 w - a scroll of enchant armour {unknown}
Potions
 a - a potion of haste {@q3}
 d - a potion of might
 g - 3 potions of brilliance {unknown}
 i - a potion of ambrosia {unknown}
 j - a potion of magic {unknown}
 r - 2 potions of lignification {unknown}
 s - a potion of heal wounds {unknown}
 u - a potion of invisibility {unknown}
 z - a potion of degeneration {unknown}
 A - a potion of berserk rage {unknown}
Comestibles
 e - 6 rations {!d}


   Skills:
 - Level 3.2 Fighting
 + Level 7.2 Maces & Flails
 - Level 3.2 Armour
 - Level 3.2 Shields


You had 5 spell levels left.
You didn't know any spells.
Your spell library was empty.

Dungeon Overview and Level Annotations

Branches:
Dungeon (4/15)
 Temple: D:4-7

Altars:
Ashenzari
Makhleb
Okawaru
Sif Muna
Trog
Uskayaw

Annotations:
D:3 Blork the orc


Innate Abilities, Weirdness & Mutations

You are resistant to torment.
Your stone body is resilient. (AC +4)
You are immune to poison.
You resist negative energy. (rN+)
You are resistant to electric shocks. (rElec)
You can survive without breathing.
You are immune to petrification.
You are immune to rotting.


Message History

A worker ant comes into view.
The worker ant twitches its antennae in your direction.
A worker ant is nearby!
A worker ant is nearby!
You hit the worker ant.
Your weapon exudes an aura of protection.
You block the worker ant's attack. The worker ant barely misses you.
You hit the worker ant. You block the worker ant's attack.
You hit the worker ant but do no damage.
The worker ant bites you.
You closely miss the worker ant.
The worker ant bites you but does no damage. x2
You sock the worker ant!
The worker ant bites you but does no damage.
You barely miss the worker ant.
The worker ant bites you but does no damage.
You block the worker ant's attack.
You hit the worker ant.
You kill the worker ant!
No target in view!
No target in view!
No target in view!
No target in view!
No target in view!
No target in view!
No target in view!
Eating a chunk of flesh.
You eat the chunk of flesh.
An ogre comes into view. It is wielding a +0 giant spiked club.
The ogre shouts!
An ogre is nearby!
An ogre is nearby!
You block the ogre's attack.
You hit the ogre.
Your weapon exudes an aura of protection.
You completely miss the ogre.
The ogre hits you with a +0 giant spiked club.
You hit the ogre.
The ogre hits you with a +0 giant spiked club.
You hit the ogre. You block the ogre's attack.
You hit the ogre.
The ogre hits you with a +0 giant spiked club!
You hit the ogre.
The ogre hits you with a +0 giant spiked club!
* * * LOW HITPOINT WARNING * * *
You hit the ogre. The ogre barely misses you.
You barely miss the ogre. You barely miss the ogre.
You block the ogre's attack.
You hit the ogre.
The ogre hits you with a +0 giant spiked club!
You die...

## #.........# # .##.
#####.÷.### # ...
###.# # #.. #.# # ...
#.# # #.# #.# # #.#
#.# # #O# #.# # #@#
#<# # #########.# #.#
# #.........# #.# #
#.######### #.# #
##.## #.# #### ##...##
#.# ...#
#.....######## #.#
##.# #............#
#.#
##.###.....######.####
#.#


You could see an ogre.

Vanquished Creatures
  An ogre (D:3)
  A howler monkey (D:3)
  An orc priest (D:4)
  An orc wizard (D:4)
  A worker ant (D:4)
  2 iguanas (D:4)
  6 adders
  6 worms (D:3)
  2 dart slugs (D:2)
  A leopard gecko (D:4)
  7 orcs
  5 giant cockroaches
  7 goblins
  7 hobgoblins
  4 jackals (D:1)
  8 kobolds
  2 quokkas
  8 bats
  6 frilled lizards
  A jackal skeleton (D:4)
  9 rats
  2 plants (D:3)
88 creatures vanquished.

Notes
Turn   | Place    | Note
-------+----------+-------------------------------------------
     0 | D:1      | MrTaco21 the Gargoyle Fighter began the quest for the Orb.
     0 | D:1      | Reached XP level 1. HP: 14/14 MP: 1/1
   121 | D:1      | Reached XP level 2. HP: 19/19 MP: 2/2
   135 | D:1      | Reached skill level 3 in Maces & Flails
   471 | D:1      | Reached XP level 3. HP: 23/23 MP: 3/3
   560 | D:2      | Found a shattered altar of Ashenzari.
   702 | D:2      | Reached skill level 4 in Maces & Flails
   879 | D:2      | Reached XP level 4. HP: 28/28 MP: 4/4
  1035 | D:2      | Found a burning altar of Makhleb.
  1035 | D:2      | Found an iron altar of Okawaru.
  1368 | D:3      | Reached skill level 5 in Maces & Flails
  1368 | D:3      | Reached XP level 5. HP: 27/32 MP: 5/5
  1442 | D:3      | Found a hide-covered altar of Uskayaw.
  1610 | D:3      | Noticed a moth of wrath
  1612 | D:3      | Found a bloodstained altar of Trog.
  1926 | D:3      | Noticed an ogre
  1935 | D:3      | Killed an ogre
  1935 | D:3      | Reached skill level 6 in Maces & Flails
  1935 | D:3      | Reached XP level 6. HP: 15/37 MP: 6/6
  2048 | D:3      | Found a shimmering blue altar of Sif Muna.
  2048 | D:3      | Noticed Blork the orc
  2814 | D:4      | Reached skill level 7 in Maces & Flails
  2984 | D:4      | Mangled by an ogre

Illustrated notes

Levels and vault maps discovered:
D:1:      tarquinn_simple_flora_water_a, layout_rooms
D:2:      layout_basic, nicolae_overflow_crystal_walls,
          gammafunk_temple_overflow_elements, serial_bayou, serial_bayou_pond_c,
          serial_bayou_lagoon_a, serial_bayou_pond_a, serial_bayou_shore_a,
          first_ration
D:3:      layout_loops_ring, marbit_many_paths, tgw_trog, serial_forest,
          infiniplex_forest_corner_1, infiniplex_forest_straight_3,
          infiniplex_forest_clump_large, infiniplex_forest_lined_room_3,
          infiniplex_forest_clump_medium, tgw_sif
D:4:      layout_loops_ring

Skill      XL: |  1  2  3  4  5  6 |
---------------+-------------------+-----
Maces & Flails | 3 4 5 6 7 |  7.2
Fighting       | |  3.2
Armour         | |  3.2
Shields        | |  3.2

Action                   |  1- 3 |  4- 6 || total
-------------------------+-------+-------++-------
Melee: Flail             |   122 |   252 ||   374
       Mace              |       |    26 ||    26
  Eat: Chunk             |       |     8 ||     8
Armor: Scale mail        |    81 |   115 ||   196
Dodge: Dodged            |    42 |    71 ||   113
Block: Kite shield       |    82 |   102 ||   184

Table legend:
 A = Non-vault XP
 B = Vault XP
 C = Vault XP percentage of total XP
 D = Non-vault monster count
 E = Vault monster count
 F = Vault count percentage of total count
                 A         B        C        D         E       F
            +---------+---------+-------+---------+---------+-------
      Total |     571 |      21 |   3.5 |      80 |       6 |   7.0
            +---------+---------+-------+---------+---------+-------
        D:1 |      36 |       0 |   0.0 |      22 |       0 |   0.0
        D:2 |      90 |       0 |   0.0 |      24 |       0 |   0.0
        D:3 |     229 |      21 |   8.4 |      22 |       6 |  21.4
        D:4 |     216 |       0 |   0.0 |      12 |       0 |   0.0
            +---------+---------+-------+---------+---------+-------
